 Dungeon Crawl Stone Soup version 0.29.0-15-g675c0067aa (webtiles) character file.

Game seed: 6059629787792438747

11485 Querens the Thaumaturge (level 11, -3/54 HPs)
             Began as a Deep Elf Conjurer on Sept 11, 2022.
             Was a Priest of Vehumet.
             Slain by a five-headed hydra (4 damage)
             ... on level 3 of the Lair of Beasts.
             The game lasted 00:43:00 (6811 turns).

Querens the Thaumaturge (Deep Elf Conjurer)         Turns: 6811, Time: 00:43:01

Health: -3/54      AC:  9    Str:  6    XL:     11   Next: 49%
Magic:  11/29      EV: 12    Int: 26    God:    Vehumet [***...]
Gold:   627        SH:  0    Dex: 13    Spells: 8/34 levels left

rFire   + . .      SeeInvis .   e - +2 war axe (vamp)
rCold   + . .      Faith    +   (no shield)
rNeg    + . .      Spirit   .   m - +1 robe of Sebeag {Rampage rC+ rN+ Slay+2}
rPois   .          Reflect  .   y - +2 hat
rElec   .          Harm     .   C - +0 cloak
rCorr   .          Rampage  +   f - +1 pair of gloves
Will    +....                   h - +0 pair of boots
Stlth   ++........              q - amulet of faith
HPRegen 0.18/turn               v - ring of protection from fire
MPRegen 0.21/turn               (no ring)

@: no status effects
A: no striking features
a: Renounce Religion


You were on level 3 of the Lair of Beasts.
You worshipped Vehumet.
Vehumet was most pleased with you.
You visited 3 branches of the dungeon, and saw 13 of its levels.

You collected 627 gold pieces.

Inventory:

Hand Weapons
 e - a +2 vampiric war axe (weapon)
 D - a +5 flail of freezing
Missiles
 A - 2 throwing nets
 F - 3 curare-tipped darts
Armour
 f - a +1 pair of gloves (worn)
 h - a +0 pair of boots (worn)
 m - the +1 robe of Sebeag (worn) {Rampage rC+ rN+ Slay+2}
   (You found it on level 3 of the Dungeon)

   Slay:      It affects your accuracy & damage with ranged weapons and melee
   (+2).
   rC:        It protects you from cold.
   rN:        It protects you from negative energy.
   Rampage:   It bestows one free step when moving towards enemies.
 t - the +0 chain mail of the Dragon {Harm *Slow rPois Int+6}
   (You found it on level 5 of the Dungeon)

   Int:       It affects your intelligence (+6).
   rPois:     It protects you from poison.
   *Slow:     It may slow you when you take damage.
   Harm:      It increases damage dealt and taken.
 y - a +2 hat (worn)
 C - a +0 cloak (worn)
 E - a +0 troll leather armour
Magical Staves
 a - a staff of death
Jewellery
 q - an amulet of faith (around neck)
 s - an amulet of guardian spirit
 v - a ring of protection from fire (left hand)
 L - a ring of resist corrosion
Wands
 B - a wand of digging (4)
 I - a wand of flame (10)
Scrolls
 j - a scroll of brand weapon
 k - a scroll of poison {unknown}
 n - 2 scrolls of teleportation
 p - a scroll of noise {unknown}
 u - a scroll of immolation
 w - 2 scrolls of silence {unknown}
 x - 2 scrolls of enchant weapon
 M - 2 scrolls of butterflies {unknown}
Potions
 b - a potion of magic
 c - 3 potions of attraction {unknown}
 d - 2 potions of brilliance {unknown}
 g - a potion of curing
 i - 2 potions of ambrosia {unknown}
 l - 3 potions of lignification
 o - 2 potions of degeneration {unknown}
 r - a potion of cancellation {unknown}
 z - 2 potions of flight {unknown}
 G - a potion of might {unknown}
 J - a potion of haste {unknown}
 K - a potion of mutation {unknown}


   Skills:
 - Level 2.4 Dodging
 - Level 2.4 Stealth
 + Level 12.4 Spellcasting
 + Level 11.1 Conjurations
 + Level 9.4 Translocations
 + Level 6.7 Transmutations
 + Level 7.2 Air Magic


You had 8 spell levels left.
You knew the following spells:

 Your Spells              Type           Power      Damage    Failure   Level
a - Magic Dart            Conj           100%       1d8       1%          1
b - Searing Ray           Conj           100%       2d8       1%          2
c - Iskenderun's Mystic   Conj/Tloc      62%        2d13      1%          4
d - Fulminant Prism       Conj/Hex       22%        3d13      1%          4
e - Summon Lightning Spi  Summ/Air       35%        N/A       9%          4
f - Storm Form            Tmut/Air       25%        N/A       86%         7
g - Airstrike             Air            26%        2d(4-20)  1%          4

Your spell library contained the following spells:

 Spells                   Type           Power      Damage    Failure   Level
 Sandblast                Erth           32%        2d9       1%          1
 Passwall                 Tmut/Erth      27%        N/A       1%          2
 Static Discharge         Conj/Air       59%        3-11/arc  1%          2
 Dazzling Flash           Conj/Hex       90%        N/A       1%          3
 Mephitic Cloud           Conj/Pois/Air  48%        N/A       1%          3
 Stone Arrow              Conj/Erth      90%        3d12      1%          3
 Sticky Flame             Conj/Fire      45%        2d6       1%          4
 Call Imp                 Summ           16%        N/A       5%          2
 Dispel Undead            Necr           16%        3d10      34%         4
 Maxwell's Capacitive Co  Air            26%        ∞         94%         8


Dungeon Overview and Level Annotations

Branches:
Dungeon (9/15)             Temple (1/1) D:6            Lair (3/5) D:9
    Orc (0/2) D:9
  Swamp: Lair:2-3    Shoals: Lair:2-3     Snake: Lair:2-3    Spider: Lair:2-3

Altars:
Ashenzari
Cheibriados
Dithmenos
Elyvilon
Fedhas
Gozag
Hepliaklqana
Kikubaaqudgha
Makhleb
Okawaru
Qazlal
Ru
Sif Muna
Trog
Uskayaw
Vehumet
Wu Jian
Xom
Yredelemnul
Zin
The Shining One

Shops:
D:3 [   D:4 *

Portals:
Ice
Cave: Lair:3

Annotations:
D:4 Edmund
D:8 2 runed translucent doors, michalxdhe's ghost, novice DrFE


Message History

Found a warped long sword.
The five-headed hydra bites you!
The five-headed hydra bites you but does no damage.
The five-headed hydra bites you! x2
The five-headed hydra bites you but does no damage.
Casting: Summon Lightning Spire (dangerous; 9% risk of failure)
Confirm with . or Enter, or press ? or * to list all spells.
You erupt in a blast of force!
The mystic blast hits the five-headed hydra!
The five-headed hydra is lightly wounded.
The five-headed hydra is knocked back by the mystic blast.
Unknown command.
Unknown command.
Casting: Iskenderun's Mystic Blast (safe; 1% risk of failure)
Confirm with . or Enter, or press ? or * to list all spells.
You erupt in a blast of force!
The mystic blast hits the five-headed hydra!
The five-headed hydra is moderately wounded.
The five-headed hydra is knocked back by the mystic blast.
Unknown command.
Unknown command.
Casting: Iskenderun's Mystic Blast (safe; 1% risk of failure)
Confirm with . or Enter, or press ? or * to list all spells.
You erupt in a blast of force!
The mystic blast hits the five-headed hydra!
The five-headed hydra is heavily wounded.
You hear an angry hiss.
Unknown command.
Unknown command.
Casting: Iskenderun's Mystic Blast (safe; 1% risk of failure)
Confirm with . or Enter, or press ? or * to list all spells.
You erupt in a blast of force!
The mystic blast hits the five-headed hydra!
The five-headed hydra is heavily wounded.
A black mamba comes into view.
The five-headed hydra bites you! The five-headed hydra bites you.
* * * LOW HITPOINT WARNING * * *
The five-headed hydra misses you. The five-headed hydra bites you!
* * * LOW HITPOINT WARNING * * *
The five-headed hydra bites you.
You die...

#.##.##.#..##...##
.................#
#......###......#
#.........#.##..##
#......##....#...#
##......#....P#...#
#............##..##
+.......#.....P..##
.#....@...........#
#...D.......#....#
#....?..#.##.#..##
.........###......P#
..................P#
...................#
......)...........##
#..S..............##
.......∩...#


You could see a five-headed hydra and a black mamba (wandering).

Vanquished Creatures
  A black mamba (Lair:1)
  A cane toad (Lair:2)
  2 kobold demonologists (D:9)
  2 komodo dragons (Lair:2)
  A troll (D:8)
  A hornet (D:7)
  5 blink frogs (Lair:2)
  15 yaks
  2 wyverns
  A basilisk (Lair:2)
  An acid dragon (D:9)
  6 water moccasins
  7 orc warriors
  A sky beast (D:7)
  3 black bears
  3 centaurs
  3 kobold brigands
  11 bullfrogs
  A cane toad simulacrum (Lair:3)
  A gnoll sergeant (D:6)
  A scorpion (D:5)
  13 wights
  3 killer bees (D:9)
  2 electric eels (D:9)
  A howler monkey (D:5)
  6 orc priests (D:9)
  5 hounds
  A gnoll bouda (D:6)
  2 iguanas
  4 orc wizards
  9 gnolls (D:6)
  9 adders
  2 white imps
  An ufetubus (D:4)
  3 dart slugs
  30 orcs
  6 endoplasms
  4 giant cockroaches
  6 goblins
  12 hobgoblins
  4 jackals (D:4)
  11 kobolds
  5 quokkas
  4 ball pythons
  2 bats
  2 frilled lizards
  3 rats (D:2)
219 creatures vanquished.

Vanquished Creatures (collateral kills)
  A hydra (Lair:2)
  A komodo dragon (Lair:3)
  A death yak simulacrum (Lair:3)
  A water moccasin (Lair:2)
  An elephant simulacrum (Lair:3)
  2 wolf simulacra (Lair:3)
7 creatures vanquished.

Vanquished Creatures (others)
  An orc priest (D:9)
  5 fungi (Lair:2)
  4 plants
10 creatures vanquished.

Grand Total: 236 creatures vanquished

Notes
Turn   | Place    | Note
-------+----------+-------------------------------------------
     0 | D:1      | Querens the Deep Elf Conjurer began the quest for the Orb.
     0 | D:1      | Reached XP level 1. HP: 10/10 MP: 6/6
   124 | D:1      | Found a faded altar of an unknown god.
   149 | D:1      | Reached XP level 2. HP: 15/15 MP: 1/8
   566 | D:2      | Reached skill level 4 in Spellcasting
   585 | D:2      | Learned a level 2 spell: Searing Ray
   646 | D:2      | Reached skill level 5 in Conjurations
   646 | D:2      | Reached XP level 3. HP: 16/19 MP: 8/10
  1339 | D:3      | Found Plog's Antique Armour Emporium.
  1339 | D:3      | Noticed a centaur
  1349 | D:3      | Killed a centaur
  1350 | D:3      | Reached skill level 5 in Spellcasting
  1350 | D:3      | Reached XP level 4. HP: 18/24 MP: 4/13
  1350 | D:3      | Reached XP level 5. HP: 21/28 MP: 4/14
  1355 | D:3      | Learned a level 4 spell: Iskenderun's Mystic Blast
  1360 | D:3      | Learned a level 4 spell: Fulminant Prism
  1707 | D:3      | Identified the +1 robe of Sebeag {Rampage rC+ rN+ Slay+2}
  1844 | D:4      | Reached skill level 1 in Translocations
  2089 | D:4      | Noticed Edmund
  2121 | D:5      | Entered Level 5 of the Dungeon
  2330 | D:4      | Found Tavvoysem's Gadget Gallery.
  2583 | D:5      | Identified the +0 chain mail of the Dragon {Harm *Slow
                  | rPois Int+6}
  2586 | D:5      | Noticed a black bear
  2595 | D:5      | Killed a black bear
  2596 | D:5      | Reached skill level 6 in Spellcasting
  2596 | D:5      | Reached XP level 6. HP: 15/32 MP: 9/17
  2616 | D:5      | Found a glowing golden altar of the Shining One.
  2706 | D:5      | Noticed a water moccasin
  2715 | D:5      | Killed a water moccasin
  2716 | D:5      | Reached skill level 7 in Spellcasting
  2716 | D:5      | Reached XP level 7. HP: 36/36 MP: 2/19
  3024 | D:5      | Noticed a fire elemental
  3025 | D:5      | Found a stormy altar of Qazlal.
  3027 | D:5      | Noticed an air elemental
  3027 | D:5      | Noticed a water elemental
  3363 | D:6      | Reached skill level 8 in Spellcasting
  3363 | D:6      | Reached XP level 8. HP: 18/41 MP: 0/22
  3376 | D:6      | Learned a level 4 spell: Summon Lightning Spire
  3545 | D:6      | Found a staircase to the Ecumenical Temple.
  3555 | Temple   | Entered the Ecumenical Temple
  3667 | D:6      | Reached skill level 5 in Translocations
  3667 | D:6      | Reached skill level 1 in Air Magic
  3986 | D:7      | Reached skill level 9 in Spellcasting
  4132 | D:7      | Noticed a hornet
  4147 | D:7      | Killed a hornet
  4148 | D:7      | Reached XP level 9. HP: 45/45 MP: 0/24
  4237 | D:7      | Learned a level 7 spell: Storm Form
  4292 | D:8      | Noticed a troll
  4354 | D:8      | Reached skill level 1 in Transmutations
  4359 | D:8      | Found a large runed translucent door.
  4360 | D:8      | Found a large runed translucent door.
  4363 | D:8      | Noticed michalxdhe's ghost (novice DrFE)
  4497 | D:8      | Found a shimmering blue altar of Sif Muna.
  4563 | D:8      | Reached skill level 10 in Spellcasting
  4626 | D:8      | Found a snail-covered altar of Cheibriados.
  4626 | D:8      | Found a radiant altar of Vehumet.
  4631 | D:8      | Found a white marble altar of Elyvilon.
  4634 | D:8      | Became a worshipper of Vehumet
  4638 | D:8      | Found a faded altar of an unknown god.
  4639 | D:8      | Found a shadowy altar of Dithmenos.
  4699 | D:8      | Killed a troll
  4875 | D:9      | Reached * piety under Vehumet
  4875 | D:9      | Offered knowledge of Shock by Vehumet.
  4888 | D:9      | Found a staircase to the Lair.
  5005 | D:9      | Noticed a kobold demonologist
  5014 | D:9      | Noticed a kobold demonologist
  5014 | D:9      | Noticed an orange demon
  5017 | D:9      | Killed a kobold demonologist
  5018 | D:9      | Reached skill level 5 in Air Magic
  5018 | D:9      | Reached XP level 10. HP: 50/50 MP: 6/26
  5025 | D:9      | Noticed a smoke demon
  5280 | D:9      | Reached skill level 11 in Spellcasting
  5289 | D:9      | Reached ** piety under Vehumet
  5293 | D:9      | Offered knowledge of Poisonous Vapours by Vehumet.
  5298 | D:9      | Found a staircase to the Orcish Mines.
  5310 | D:9      | Reached skill level 10 in Conjurations
  5384 | Lair:1   | Entered Level 1 of the Lair of Beasts
  5484 | Lair:1   | Reached skill level 5 in Transmutations
  5545 | Lair:1   | Noticed a black mamba
  5561 | Lair:1   | Killed a black mamba
  5718 | Lair:2   | Noticed a cane toad
  5721 | Lair:2   | Killed a cane toad
  5815 | Lair:2   | Reached XP level 11. HP: 24/54 MP: 3/28
  5912 | Lair:2   | Offered knowledge of Scorch by Vehumet.
  5950 | Lair:2   | Reached skill level 12 in Spellcasting
  6014 | Lair:2   | Noticed a seven-headed hydra
  6251 | Lair:2   | Reached *** piety under Vehumet
  6272 | Lair:2   | Noticed a seven-headed hydra
  6290 | Lair:2   | Noticed a boulder beetle
  6401 | Lair:2   | Killed a seven-headed hydra
  6742 | Lair:3   | Found a frozen archway.
  6769 | Lair:3   | Offered knowledge of Airstrike by Vehumet.
  6775 | Lair:3   | Learned a level 4 spell: Airstrike
  6804 | Lair:3   | Noticed a five-headed hydra
  6811 | Lair:3   | HP: 1/54 [five-headed hydra (14)]
  6811 | Lair:3   | Slain by a five-headed hydra

Illustrated notes

Levels and vault maps discovered:
D:1:      dpeg_arrival_signposts, layout_basic,
          shapermc_ecumenical_altar_flowoftime, serial_rivers,
          chequers_serial_rivers_micro_b, chequers_serial_rivers_marsh,
          chequers_serial_rivers_marsh, chequers_serial_rivers_small_b,
          chequers_serial_rivers_micro_b
D:2:      layout_loops_corners
D:3:      layout_basic, serial_shops, shop
D:4:      layout_basic, nicolae_shop_gadgets, uniq_edmund
D:5:      layout_layer_cave, nicolae_qazlal_style_of_elements, tso_metal_star
D:6:      minmay_general_purpose_star, layout_rooms, minmay_temple_entry_ruins
D:7:      layout_cave_pools
D:8:      layout_cave_pools, nicolae_overflow_crystal_walls,
          chequers_temple_overflow_minitemple, ebering_ghost_disaster_area,
          kennysheep_nondescript
D:9:      layout_roguey, lair_entry_dummy, erik_orc_2
Temple:   eino_narrow_crystal_temple
Lair:1:   layout_misc_corridors
Lair:2:   layout_big_grid, st_stairs_3, grunt_megastairs_1,
          infiniplex_staircase_pool, lemuel_fruit_tree, lemuel_fruit_fields
Lair:3:   layout_regular_city, minmay_shoals_entry_centaurs,
          spider_nest_entry_funnel_web, gammafunk_ghost_grave,
          portal_ice_cave_entry_ice_simulacra, beast_lair_carwin_6

Skill      XL: |  1  2  3  4  5  6  7  8  9 10 11 |
---------------+----------------------------------+-----
Spellcasting   | 4 5 6 7 8 9 10 11 12 | 12.4
Conjurations   | 5 6 7 8 9 10 11 | 11.1
Translocations | 2 3 4 6 7 8 9 |  9.4
Air Magic      | 3 5 6 7 |  7.2
Transmutations | 3 5 6 |  6.7
Dodging        | |  2.4
Stealth        | |  2.4

Action                   |  1- 3 |  4- 6 |  7- 9 | 10-12 || total
-------------------------+-------+-------+-------+-------++-------
Melee: Unarmed           |       |       |     1 |       ||     1
       Dagger            |       |       |     3 |       ||     3
       Flail             |       |       |    17 |       ||    17
       War axe           |       |       |    12 |    71 ||    83
Throw: Dart              |       |       |     4 |       ||     4
 Cast: Magic Dart        |    72 |    20 |     5 |     2 ||    99
       Searing Ray       |     2 |    19 |    41 |    10 ||    72
       Iskenderun's Myst |       |     2 |    36 |    62 ||   100
       Summon Lightning  |       |       |     1 |     8 ||     9
Evoke: Wand              |       |       |       |    13 ||    13
  Use: Scroll            |       |     4 |     7 |     1 ||    12
       Potion            |       |     1 |     7 |     2 ||    10
Armor: Robe              |     3 |     9 |    32 |    44 ||    88
       Skin              |       |     7 |       |       ||     7
Dodge: Dodged            |    13 |    12 |    54 |   111 ||   190
